 Dungeon Crawl Stone Soup version 0.28-a0-1190-g77e1c55843 (webtiles) character file.

Game seed: 11999962104280701950

8868 Redcow54321 the Brawler (level 11, 0/94 HPs)
             Began as a Troll Fighter on Dec 18, 2021.
             Slain by a killer bee (8 damage)
             ... on level 10 of the Dungeon on Dec 19, 2021.
             The game lasted 00:13:53 (6618 turns).

Redcow54321 the Brawler (Troll Fighter)             Turns: 6618, Time: 00:13:54

Health: 0/94       AC:  5    Str: 28    XL:     11   Next: 15%
Magic:  10/10      EV: 10    Int:  4    God:
Gold:   476        SH:  0    Dex: 15    Spells: 10/10 levels left

rFire   + . .      SeeInvis +     - Unarmed
rCold   x . .      Faith    +   (no shield)
rNeg    . . .      Spirit   .   a - +0 robe
rPois   .          Reflect  .   h - +1 hat
rElec   .          Harm     .   (no cloak)
rCorr   .          Rampage  .   (gloves unavailable)
Will    +....      Rage     1%  (boots unavailable)
Stlth   +.........              r - amulet "Qajufruf" {Faith Dex+6}
HPRegen 1.05/turn               n - ring "Ixomurue" {Fire SInv}
MPRegen 0.12/turn               c - ring of willpower

@: lethally poisoned (0 -> -2)
A: large, unfitting armour, claws 3, regeneration 1, shaggy fur 1, tough skin 1,
horns 1, berserk 1, weak 1
a: no special abilities


You were on level 10 of the Dungeon.
You visited 1 branch of the dungeon, and saw 10 of its levels.

You collected 518 gold pieces.
You spent 42 gold pieces at shops.

Inventory:

Missiles
 q - 3 throwing nets (quivered)
Armour
 a - a +0 robe (worn)
 h - a +1 hat (worn)
Jewellery
 c - a ring of willpower (right claw)
 e - a ring of flight
 n - the ring "Ixomurue" (left claw) {Fire SInv}
   (You found it on level 7 of the Dungeon)

   [ring of fire]

   It enhances your fire magic.
   rF:        It protects you from fire.
   rC:        It makes you vulnerable to cold.
   SInv:      It lets you see invisible.
 r - the amulet "Qajufruf" (around neck) {Faith Dex+6}
   (You found it on level 6 of the Dungeon)

   [amulet of faith]

   It allows you to gain divine favour quickly.
   Dex:       It affects your dexterity (+6).
Wands
 i - a wand of flame (37)
 t - a wand of mindburst (9)
Scrolls
 d - a scroll of identify
 f - a scroll of enchant armour {unknown}
 g - a scroll of noise {unknown}
 k - a scroll of fog {unknown}
 l - 3 scrolls of teleportation {unknown}
 m - a scroll of magic mapping {unknown}
 o - a scroll of enchant weapon {unknown}
 p - 2 scrolls of vulnerability {unknown}
Potions
 j - a potion of lignification
 s - a potion of magic


   Skills:
 - Level 2.4 Fighting
 - Level 2.4 Dodging
 - Level 2.4 Shields
 * Level 17.1 Unarmed Combat


You had 10 spell levels left.
You didn't know any spells.
Your spell library contained the following spells:

 Spells                   Type           Power      Damage    Failure   Level
 Sandblast                Erth           0%         2d4       50%         1
 Passwall                 Tmut/Erth      0%         N/A       65%         2
 Stone Arrow              Conj/Erth      0%         3d7       86%         3
 Conjure Ball Lightning   Conj/Air       0%         3x3d6     100%        6
 Discord                  Hex            0%         N/A       100%        8
 Disjunction              Tloc           0%         N/A       100%        8


Dungeon Overview and Level Annotations

Branches:
Dungeon (10/15)            Temple (0/1) D:5
   Lair: D:8-11         Orc: D:9-12

Altars:
Gozag
Nemelex Xobeh
Qazlal
Ru
Sif Muna
Yredelemnul

Shops:
D:5 **


Innate Abilities, Weirdness & Mutations

You are too large for most types of armour.
You have claws for hands.
Your natural rate of healing is unusually fast.
You are covered in fur. (AC +1)
You have tough skin. (AC +1)
You have a pair of small horns on your head.
You tend to lose your temper in combat.
You are weak. (Str -2)


Message History

The killer bee is severely wounded.
You feel sick.
The killer bee stings you but does no damage.
The killer bee stings you.
You are more poisoned.
The killer bee poisons you! The killer bee stings you.
You are more poisoned.
The killer bee poisons you!
You scratch the killer bee.
The killer bee is almost dead.
You feel very sick. The killer bee stings you.
The killer bee closely misses you.
You closely miss the killer bee.
The killer bee is almost dead.
You feel very sick. The killer bee barely misses you.
The killer bee stings you. x2
You are more poisoned.
The killer bee poisons you!
You miss the killer bee.
The killer bee is almost dead.
You feel very sick. The killer bee stings you! The killer bee misses you.
The killer bee stings you.
You feel very sick. The killer bee stings you.
* * * LOW HITPOINT WARNING * * *
The killer bee stings you.
* * * LOW HITPOINT WARNING * * *
You feel very sick. The killer bee stings you!
* * * LOW HITPOINT WARNING * * *
The killer bee stings you but does no damage.
You feel very sick. The killer bee stings you.
* * * LOW HITPOINT WARNING * * *
The killer bee stings you.
* * * LOW HITPOINT WARNING * * *
The killer bee barely misses you.
You feel sick. The killer bee stings you!
You die...

.#..#..# ........##..#
......#####............####
......##.##................
......##.##..# #...#
###.........# ##..#
#.........######..#
##........##..##..#
######...##..##[.#
#....[..@y..# #........y.##
##...####### #####


You could see 2 killer bees.

Vanquished Creatures
  A centaur warrior (D:8)
  A two-headed ogre (D:8)
  Pikel (D:6)
  An ugly thing (D:8)
  A cyclops (D:8)
  A hornet (D:8)
  A merfolk (D:9)
  14 yaks
  A shadow (D:10)
  A vampire (D:8)
  2 vampire mosquitoes (D:10)
  A basilisk (D:8)
  An acid dragon (D:8)
  2 water moccasins
  5 ice beasts
  An ogre (D:6)
  A necrophage (D:6)
  A centaur (D:7)
  3 phantoms
  2 kobold brigands
  6 bullfrogs
  2 gnoll sergeants
  A wyvern zombie (D:5)
  5 scorpions
  9 killer bees
  2 howler monkeys
  A centaur zombie (D:5)
  A bullfrog zombie (D:5)
  Crazy Yiuf (D:7)
  2 bullfrog skeletons
  3 hounds
  3 orc priests
  A gnoll shaman (D:9)
  5 orc wizards
  2 howler monkey zombies (D:7)
  3 adders
  10 gnolls
  3 river rats (D:6)
  A shadow imp (D:7)
  An adder skeleton (D:4)
  A worm (D:2)
  4 dart slugs
  24 orcs
  4 endoplasms
  A giant cockroach (D:6)
  5 goblins
  4 hobgoblins
  11 kobolds
  3 quokkas
  6 ball pythons
  4 bats
  A frilled lizard (D:2)
  2 rats
174 creatures vanquished.

Vanquished Creatures (others)
  12 plants (D:2)
12 creatures vanquished.

Grand Total: 186 creatures vanquished

Notes
Turn   | Place    | Note
-------+----------+-------------------------------------------
     0 | D:1      | Redcow54321 the Troll Fighter began the quest for the Orb.
     0 | D:1      | Reached XP level 1. HP: 22/22 MP: 0/0
    27 | D:1      | You fall into a shaft and drop 1 floor!
   151 | D:2      | Reached skill level 3 in Unarmed Combat
   151 | D:2      | Reached XP level 2. HP: 29/29 MP: 1/1
   330 | D:2      | Reached XP level 3. HP: 36/36 MP: 2/2
   472 | D:2      | Reached skill level 4 in Unarmed Combat
   526 | D:2      | Found a faded altar of an unknown god.
   737 | D:2      | Reached XP level 4. HP: 23/44 MP: 3/3
   793 | D:3      | Found a shimmering blue altar of Sif Muna.
  1183 | D:4      | Noticed a phantom
  1264 | D:4      | Found an opulent altar of Gozag.
  1295 | D:4      | Found a sparkling altar of Nemelex Xobeh.
  1305 | D:4      | Found a basalt altar of Yredelemnul.
  1310 | D:4      | Found a stormy altar of Qazlal.
  1517 | D:4      | Killed a phantom
  1518 | D:4      | Reached skill level 5 in Unarmed Combat
  1518 | D:4      | Reached XP level 5. HP: 30/50 MP: 4/4
  1570 | D:4      | Noticed a phantom
  1574 | D:4      | Killed a phantom
  1575 | D:4      | Reached skill level 6 in Unarmed Combat
  1639 | D:4      | Reached XP level 6. HP: 50/59 MP: 5/5
  1907 | D:5      | Entered Level 5 of the Dungeon
  1949 | D:5      | Noticed an ice beast
  1960 | D:5      | Reached skill level 7 in Unarmed Combat
  1968 | D:5      | Killed an ice beast
  1996 | D:5      | Reached XP level 7. HP: 47/66 MP: 6/6
  2009 | D:5      | Reached skill level 8 in Unarmed Combat
  2126 | D:5      | Reached skill level 9 in Unarmed Combat
  2214 | D:5      | Found a staircase to the Ecumenical Temple.
  2402 | D:5      | Found Hice Uhu's General Store.
  2406 | D:5      | Found Aloun's Specific Store.
  2414 | D:5      | Bought a potion of curing for 42 gold pieces
  2492 | D:5      | Reached XP level 8. HP: 74/74 MP: 7/7
  2723 | D:6      | Identified the amulet "Qajufruf" {Faith Dex+6}
  2787 | D:6      | Reached skill level 10 in Unarmed Combat
  3089 | D:6      | Noticed Pikel
  3097 | D:6      | Killed Pikel
  3098 | D:6      | Reached skill level 11 in Unarmed Combat
  3582 | D:6      | Gained mutation: You tend to lose your temper in combat.
                  | [potion of mutation]
  3582 | D:6      | Gained mutation: You are weak. (Str -2) [potion of
                  | mutation]
  3582 | D:6      | Gained mutation: You have a pair of small horns on your
                  | head. [potion of mutation]
  3590 | D:7      | Reached XP level 9. HP: 80/80 MP: 8/8
  3607 | D:6      | Reached skill level 12 in Unarmed Combat
  3725 | D:7      | Identified the ring "Ixomurue" {Fire SInv}
  4150 | D:7      | Found a sacrificial altar of Ru.
  4176 | D:7      | Found a runed translucent door.
  4177 | D:7      | Noticed Crazy Yiuf
  4244 | D:7      | Killed Crazy Yiuf
  4305 | D:8      | Noticed a brown ugly thing
  4321 | D:8      | Killed a brown ugly thing
  4322 | D:8      | Reached skill level 13 in Unarmed Combat
  4509 | D:9      | Reached skill level 14 in Unarmed Combat
  4574 | D:8      | Reached XP level 10. HP: 56/88 MP: 9/9
  4722 | D:8      | Noticed a two-headed ogre
  4803 | D:8      | Killed a two-headed ogre
  4804 | D:8      | Reached skill level 15 in Unarmed Combat
  4886 | D:8      | Noticed a cyclops
  4913 | D:8      | Killed a cyclops
  5122 | D:8      | Noticed a centaur warrior
  5126 | D:8      | Killed a centaur warrior
  5129 | D:8      | Paralysed by a hornet for 1 turns
  5492 | D:8      | Reached skill level 16 in Unarmed Combat
  5911 | D:9      | Reached XP level 11. HP: 72/94 MP: 10/10
  6085 | D:9      | HP: 4/94 [killer bee (7)]
  6489 | D:10     | Entered Level 10 of the Dungeon
  6505 | D:10     | Reached skill level 17 in Unarmed Combat
  6618 | D:10     | Slain by a killer bee

Illustrated notes

Levels and vault maps discovered:
D:1:      lightli_arrival_isolated_outpost, layout_loops_ring, serial_shops,
          nicolae_shop_competitors_out_of_business
D:2:      layout_loops_ring, serial_bayou, serial_bayou_ford_a,
          serial_bayou_shore_b, serial_bayou_pond_c, serial_bayou_lagoon_b,
          dreamdust_ecumenical_altar_statues
D:3:      layout_rooms, amcnicky_altar_gilded, solitary_fountain,
          hangedman_decor_lopped
D:4:      layout_loops_ring, grunt_temple_overflow_diamond,
          grunt_gozag_breadcrumbs
D:5:      layout_basic, temple_statues, hangedman_decor_peaks_small,
          nicolae_specific_store
D:6:      layout_gridville, gup_sewer_entry_spiral, minivault_5,
          serial_bayou_crossing, uniq_pikel
D:7:      layout_cave_pools, lemuel_coloured_pillars_altar,
          amcnicky_mini_corridor_feature, minmay_misc_feat_diagonals,
          uniq_crazy_yiuf_cottage
D:8:      minmay_diamond_stairs, layout_loops_ring
D:9:      layout_basic, hangedman_fish_farm
D:10:     layout_long_grid, david_lair_generic, st_stairs_2,
          hangedman_decor_growths, nicolae_shop_fire_sale
          [nicolae_sub_dead_trees], uniq_erica

Skill      XL: |  1  2  3  4  5  6  7  8  9 10 11 |
---------------+----------------------------------+-----
Unarmed Combat | 3 4 5 6 7 9 11 14 16 17 | 17.1
Fighting       | |  2.4
Dodging        | |  2.4
Shields        | |  2.4

Action                   |  1- 3 |  4- 6 |  7- 9 | 10-12 || total
-------------------------+-------+-------+-------+-------++-------
Melee: Unarmed           |    86 |   109 |   188 |   157 ||   540
       Punch             |       |     2 |    12 |    15 ||    29
       Headbutt          |       |       |    20 |    27 ||    47
  Use: Potion            |       |     1 |     1 |     3 ||     5
       Scroll            |       |       |     3 |       ||     3
 Stab: Sleeping          |       |       |     1 |       ||     1
Armor: Robe              |    31 |    35 |    42 |    28 ||   136
Dodge: Dodged            |    35 |    50 |    72 |    90 ||   247

Table legend: (Time is in decaauts)
 A = Elapsed time spent in this place.
 B = Non-inter-level travel time spent in this place.
 C = Inter-level travel time spent in this place.
 D = Time resting spent in this place.
 E = Time spent auto-exploring this place.
 F = Levels seen in this place.
 G = Mean time per level.
                   A        B        C        D        E       F      G
               +--------+--------+--------+--------+--------+-----+--------+
         Total |   6573 |   6323 |    250 |    368 |   4574 |  10 |  657.3 |
       Dungeon |   6573 |   6323 |    250 |    368 |   4574 |  10 |  657.3 |
               +--------+--------+--------+--------+--------+-----+--------+

Top non-repeatable levels by time:
     D:8: 1125 daAuts
     D:6: 989 daAuts
     D:9: 951 daAuts
     D:7: 787 daAuts
     D:2: 769 daAuts
     D:4: 690 daAuts
     D:5: 671 daAuts
     D:3: 440 daAuts
    D:10: 121 daAuts
     D:1: 27 daAuts
